 Dungeon Crawl Stone Soup version 0.27-a0-291-gd9602db6ee (webtiles) character file.

Game seed: 4776273043285189067

182960 jestyr24 the Sorcerer (level 17, -2/80 HPs)
             Began as a Deep Elf Conjurer on Jan 8, 2021.
             Was the Champion of Vehumet.
             Slain by an azure jelly (6 damage)
             ... on level 2 of the Pits of Slime on Feb 9, 2021.
             The game lasted 08:29:01 (40922 turns).

jestyr24 the Sorcerer (Deep Elf Conjurer)          Turns: 40922, Time: 08:29:02

Health: -2/80      AC: 10    Str:  4    XL:     17   Next: 72%
Magic:  18/47      EV: 18    Int: 40    God:    Vehumet [******]
Gold:   2112       SH:  5    Dex: 13    Spells: 30/64 levels left

rFire    + . .     SeeInvis +   S - staff of conjuration
rCold    x . .     Faith    +   C - +0 buckler
rNeg     . . .     Spirit   .   P - +2 robe {Archmagi}
rPois    .         Reflect  .   J - +1 hat {Int+3}
rElec    +         Harm     .   n - +1 cloak
rCorr    .         Rampage  .   l - +0 pair of gloves
Will     +++++                  Q - +1 pair of boots
Stlth    ++++......             u - amulet "Keohidej" {Faith +Inv rElec rC- Will+++}
HPRegen  0.23/turn              f - +6 ring of intelligence
MPRegen  0.30/turn              t - +4 ring of protection

@: no potions, corroded
A: see invisible, fire resistance 1, strong-willed 1
a: Renounce Religion, Evoke Invisibility


You were on level 2 of the Pits of Slime.
You worshipped Vehumet.
Vehumet was exalted by your worship.
You visited 5 branches of the dungeon, and saw 29 of its levels.
You also visited: Volcano.

You collected 3650 gold pieces.
You spent 1538 gold pieces at shops.

Inventory:

Hand Weapons
 x - the +11 dagger of Richuuss {venom, Int+9}
   (You found it on level 10 of the Dungeon)

   It poisons the flesh of those it strikes.
   It affects your intelligence (+9).
Armour
 l - a +0 pair of gloves (worn)
 n - a +1 cloak (worn)
 C - a +0 buckler (worn)
 J - a +1 hat of intelligence (worn)
 P - a +2 robe of the Archmagi (worn)
 Q - a +1 pair of boots (worn)
Magical Staves
 b - an uncursed staff of fire
 G - an uncursed staff of earth
 S - an uncursed staff of conjuration (weapon)
 U - an uncursed staff of death
Jewellery
 f - a +6 ring of intelligence (left hand)
 t - a +4 ring of protection (right hand)
 u - the amulet "Keohidej" (around neck) {Faith +Inv rElec rC- Will+++}
   (You acquired it on level 1 of the Orcish Mines)

   [amulet of faith]

   It allows you to gain divine favour quickly.
   It makes you vulnerable to cold.
   It insulates you from electricity.
   It affects your willpower, your defense against some magical effects.
   It lets you turn invisible.
 V - an uncursed ring of flight
 Y - an uncursed ring of protection from fire
 Z - an uncursed ring of poison resistance
Wands
 e - a wand of mindburst (8)
 m - a wand of digging (13)
 z - a wand of random effects (67)
 A - a wand of polymorph (10)
 B - a wand of iceblast (38)
 D - a wand of acid (15)
 K - a wand of paralysis (12)
Scrolls
 a - 3 scrolls of amnesia
 c - 12 scrolls of teleportation
 d - 10 scrolls of remove curse
 o - 6 scrolls of blinking
 r - a scroll of enchant armour
 s - 10 scrolls of identify
 y - 8 scrolls of enchant weapon
 O - 3 scrolls of magic mapping
 W - a scroll of summoning
 X - 4 scrolls of fear
Potions
 g - 2 potions of haste
 i - 5 potions of heal wounds
 j - 10 potions of curing
 k - a potion of brilliance
 E - 6 potions of flight
 L - 2 potions of resistance
 N - 7 potions of ambrosia
 R - 2 potions of magic
 T - 2 potions of invisibility
Miscellaneous
 F - a box of beasts
 H - a phantom mirror
 I - a tin of tremorstones (2/2)


   Skills:
 * Level 11.5 Dodging
 * Level 8.4 Stealth
 - Level 5.8 Shields
 + Level 24.1 Spellcasting
 * Level 11.2 Conjurations
 * Level 6.4 Hexes
 * Level 10.9 Necromancy
 * Level 5.1 Transmutations
 * Level 11.4 Ice Magic
 - Level 3.6 Air Magic
 - Level 9.5 Earth Magic
 - Level 6.1 Poison Magic
 * Level 7.2 Evocations


You had 30 spell levels left.
You knew the following spells:

 Your Spells              Type           Power        Failure   Level
a - Ozocubu's Refrigerat  Ice            59%          1%          7
b - Iron Shot             Conj/Erth      69%          1%          6
c - Iskenderun's Battles  Conj           100%         1%          5
d - Fulminant Prism       Conj/Hex       66%          1%          4
f - Lee's Rapid Deconstr  Erth           56%          1%          5
g - Dazzling Flash        Conj/Hex       100%         1%          3
j - Searing Ray           Conj           100%         0%          2
k - Magic Dart            Conj           100%         0%          1
l - Shock                 Conj/Air       100%         0%          1

Your spell library contained the following spells:

 Spells                   Type           Power        Failure   Level
 Chain Lightning          Conj/Air       63%          32%         8
 Absolute Zero            Ice            59%          65%         9
 Tornado                  Air            43%          100%        9
 Animate Skeleton         Necr           100%         0%          1
 Freeze                   Ice            100%         0%          1
 Ensorcelled Hibernation  Hex/Ice        100%         0%          2
 Sublimation of Blood     Necr           58%          0%          2
 Frozen Ramparts          Ice            100%         0%          3
 Ozocubu's Armour         Ice            100%         0%          3
 Apportation              Tloc           100%         1%          1
 Beastly Appendage        Tmut           100%         1%          1
 Corona                   Hex            100%         1%          1
 Summon Small Mammal      Summ           100%         1%          1
 Poisonous Vapours        Pois/Air       100%         1%          2
 Wereblood                Tmut           94%          1%          2
 Confusing Touch          Hex            99%          1%          3
 Ignite Poison            Fire/Tmut/Pois 87%          1%          3
 Spider Form              Tmut/Pois      48%          1%          3
 Tukima's Dance           Hex            99%          1%          3
 Hailstorm                Conj/Ice       100%         1%          4
 Ice Form                 Ice/Tmut       100%         1%          4
 Iskenderun's Mystic Bla  Conj/Tloc      100%         1%          4
 Petrify                  Tmut/Erth      100%         1%          4
 Summon Ice Beast         Ice/Summ       96%          1%          4
 Alistair's Intoxication  Tmut/Pois      64%          1%          5
 Blade Hands              Tmut           47%          1%          5
 Bolt of Magma            Conj/Fire/Erth 62%          1%          5
 Borgnjor's Vile Clutch   Necr/Erth      57%          1%          5
 Fireball                 Conj/Fire      59%          1%          5
 Irradiate                Conj/Tmut      65%          1%          5
 Metabolic Englaciation   Hex/Ice        54%          1%          5
 Yara's Violent Unravell  Hex/Tmut       48%          1%          5
 Eringya's Noxious Bog    Tmut/Pois      48%          1%          6
 Freezing Cloud           Conj/Ice/Air   66%          1%          6
 Simulacrum               Ice/Necr       59%          1%          6
 Starburst                Conj/Fire      59%          1%          6
 Borgnjor's Revivificati  Necr           58%          30%         8
 Infestation              Necr           58%          30%         8
 Necromutation            Tmut/Necr      53%          69%         8
 Ignition                 Fire           32%          99%         8
 Death's Door             Necr           58%          99%         9


Dungeon Overview and Level Annotations

Branches:
Dungeon (15/15)            Temple (0/1) D:5            Lair (6/6) D:9
 Shoals (0/4) Lair:4       Spider (4/4) Lair:2        Slime (2/5) Lair:5
    Orc (2/2) D:10            Elf (0/3) Orc:2        Vaults (0/5) D:14
 Depths (0/5) D:15        Volcano (visited)

Altars:
Dithmenos
Fedhas
Gozag
Kikubaaqudgha
Makhleb
Qazlal
Ru
Sif Muna
Trog
Uskayaw
Vehumet
Wu Jian
Xom
The Shining One
Beogh

Shops:
D:7 [[   D:12 *   D:14 **[   Orc:1 [   Orc:2 (*[:[

Portals:
Hell: Lair:6


Innate Abilities, Weirdness & Mutations

You have supernaturally acute eyesight. (SInv)
Your flesh is heat resistant. (rF+)
You are strong-willed. (Will+)


Message History

The azure jelly is almost dead.
The acid blob is almost dead.
You kill the slime creature!
Vehumet accepts your kill.
You feel your power returning.
Casting: Ozocubu's Refrigeration (dangerous; 1% risk of failure)
Confirm with . or Enter, or press ? or * to list all spells.
You feel a surge of power!
The heat is drained from your surroundings.
You feel a terrible chill!
You feel very cold.
The azure jelly and the acid blob are frozen.
The azure jelly resists.
The azure jelly is almost dead.
You kill the acid blob!
Vehumet accepts your kill.
You feel your power returning. The azure jelly hits you!
The azure jelly freezes you!!!
You feel a terrible chill!
Ouch! That really hurt!
* * * LOW HITPOINT WARNING * * *
The azure jelly hits you.
You die...

.... . . ...# .
.#.#.#.#.#.
..#.#.#.#.#. #
.#......... .#
..#.......#..
#...8.....# #
..#.......#....
#....J@...#
..#.......#....
#.........# #
..#.#.#.#.#..
.#. .#.#.#. ...
.. .. . . .. ..
. .. # . .. .
... .. ...


You could see an azure jelly.

Vanquished Creatures
  Saint Roka (Orc:2)
  3 acid blobs
  Gastronok (Lair:1)
  2 ghost moths
  Louise (Spider:2)
  An emperor scorpion (Spider:4)
  The ghost of MolotovDodgeball the Brawler, a journeyman TrBr of Ru (Lair:6)
  The ghost of Pela the Fighter, a journeyman MiBe of Trog (D:13)
  An entropy weaver (Spider:3)
  The ghost of lunkers the Cloud Mage, a journeyman TeAE of Vehumet (Lair:6)
  An ettin (Orc:1)
  A fire dragon (D:13)
  Josephine (D:10)
  Snorg (D:10)
  An ogre mage (D:15)
  12 hydras
  Harold (D:11)
  Erolcha (D:12)
  8 boulder beetles
  2 catoblepae
  9 two-headed ogres
  2 centaur warriors
  6 death yaks
  An orc high priest (Orc:2)
  A deep elf knight (D:14)
  Nergalle (Orc:2)
  A sixfirhy (Lair:6)
  3 skeletal warriors
  3 unseen horrors
  2 wizards
  A necromancer (D:15)
  4 orc knights
  2 anaconda skeletons (Volcano)
  2 wolf spider zombies (D:15)
  3 deep elf pyromancers
  3 oklob plants (Lair:4)
  21 orb spiders
  A harpy (D:15)
  35 wolf spiders
  14 ugly things
  A deep elf zephyrmancer (D:15)
  3 cyclopes
  2 orc sorcerers
  2 manticores
  4 moths of wrath
  10 elephants
  2 naga magi (D:15)
  8 gargoyles
  4 black mambas
  5 centaur skeletons
  2 torpor snails
  2 orange demons (Lair:6)
  11 cane toads
  Psyche (D:9)
  11 demonic crawlers
  7 rime drakes
  A kobold demonologist (D:14)
  4 komodo dragons
  A merfolk (Lair:4)
  A queen bee (D:14)
  2 ice devils (Lair:6)
  30 jumping spiders
  A tengu conjurer (D:13)
  11 trolls
  A red devil (Lair:6)
  A hellwing (Lair:6)
  3 meliai (D:14)
  5 polar bears
  A harpy skeleton (Volcano)
  6 dream sheep
  Grinder (D:5)
  5 hornets
  16 blink frogs
  2 meliai zombies
  22 slime creatures
  2 spriggans (D:13)
  80 redbacks
  3 flying skulls (Volcano)
  56 yaks
  30 tarantellas
  A centaur simulacrum (D:15)
  7 wyverns
  Grum (D:9)
  3 shadows
  4 alligator skeletons (Volcano)
  3 wraiths
  7 basilisks
  A water elemental (D:12)
  A steam dragon (D:11)
  11 vampire mosquitoes
  2 swamp worms (Lair:6)
  12 water moccasins
  6 wargs
  An acid dragon (D:13)
  4 hell hounds (Lair:6)
  32 orc warriors
  Duvessa (D:5)
  5 sky beasts
  An eye of draining (Slime:2)
  A hornet zombie (D:15)
  4 ice beasts
  3 black bears
  4 phantoms
  A necrophage (D:12)
  5 boggarts
  6 centaurs
  18 ogres
  17 wolves
  7 kobold brigands
  A gnoll sergeant (D:10)
  15 bullfrogs
  Blork the orc (Orc:2)
  A wyvern zombie (D:9)
  Dowan (D:5)
  6 scorpions
  3 spriggan skeletons (Volcano)
  29 killer bees
  20 wights
  2 howler monkeys
  9 electric eels
  2 quasits
  8 centaur zombies
  21 orc priests
  3 bullfrog zombies
  5 hounds
  8 jellies
  A bullfrog skeleton (D:11)
  Natasha (thrice) (D:4)
  6 iguanas
  34 orc wizards
  5 hell rats (Lair:4)
  13 worker ants
  A naga skeleton (Volcano)
  2 hound skeletons
  3 hound zombies
  A worker ant zombie (D:11)
  10 gnolls
  20 adders
  3 shadow imps
  3 white imps (D:5)
  3 ufetubi
  5 oozes
  4 adder skeletons
  A worm (D:3)
  The ghost of Sonofthefire the Sneak, a weakling OpDe (D:6)
  The ghost of handsome the Sneak, a weakling OpDe (D:5)
  2 dart slugs (D:1)
  6 leopard geckos
  85 orcs
  2 ball pythons
  A bat skeleton (D:7)
  5 bat zombies (D:7)
  4 giant cockroaches
  5 hobgoblins
  5 jackals
  6 quokkas
  8 bats
  4 frilled lizards
  A giant cockroach zombie (D:6)
  5 goblins
  13 kobolds
  A leopard gecko zombie (D:5)
  3 rats (D:1)
1097 creatures vanquished.

Vanquished Creatures (collateral kills)
  The ghost of lunkers the Earth Mage, a journeyman KoEE of Vehumet (Lair:6)
  The ghost of Ampipap the Black Sun, a journeyman DsNe of Kikubaaqudgha (Lair:6)
  A hydra (Lair:5)
3 creatures vanquished.

Vanquished Creatures (others)
  A black mamba (Lair:5)
  A merfolk siren (Lair:4)
  2 merfolk (Lair:4)
  6 yaks
  A black bear (Lair:2)
  A bullfrog (Lair:3)
  A hell rat (Lair:4)
  271 fulminant prisms
  54 fungi
  69 plants
407 creatures vanquished.

Grand Total: 1507 creatures vanquished

Notes
Turn   | Place    | Note
-------+----------+-------------------------------------------
     0 | D:1      | jestyr24 the Deep Elf Conjurer began the quest for the Orb.
     0 | D:1      | Reached XP level 1. HP: 10/10 MP: 6/6
   107 | D:1      | Reached XP level 2. HP: 15/15 MP: 2/8
   247 | D:1      | Reached skill level 5 in Conjurations
   507 | D:1      | Reached XP level 3. HP: 19/19 MP: 6/9
   653 | D:2      | Found a shimmering blue altar of Sif Muna.
   793 | D:2      | Found a radiant altar of Vehumet.
   793 | D:2      | Found an ornate altar of the Wu Jian Council.
   798 | D:2      | Became a worshipper of Vehumet
  1093 | D:2      | Reached XP level 4. HP: 24/24 MP: 9/11
  1241 | D:2      | Learned a level 2 spell: Searing Ray
  1344 | D:2      | Reached skill level 4 in Spellcasting
  1444 | D:3      | Upgraded the game from 0.27-a0-54-g64bdb92e38 to
                  | 0.27-a0-59-gfbafd837a3
  1948 | D:3      | Reached XP level 5. HP: 28/28 MP: 11/13
  2068 | D:3      | Reached * piety under Vehumet
  2068 | D:3      | Offered knowledge of Shock by Vehumet.
  2075 | D:3      | Learned a level 1 spell: Shock
  2675 | D:4      | Noticed Natasha
  2677 | D:4      | Killed Natasha
  2678 | D:4      | Reached XP level 6. HP: 32/32 MP: 11/15
  2684 | D:4      | Reached skill level 5 in Spellcasting
  2684 | D:4      | Reached skill level 1 in Evocations
  2818 | D:4      | Learned a level 4 spell: Fulminant Prism
  2951 | D:4      | Found a bloodstained altar of Trog.
  3104 | D:4      | Found a glowing golden altar of the Shining One.
  3127 | D:4      | Noticed Natasha
  3142 | D:4      | Killed Natasha
  3177 | D:4      | Noticed Natasha
  3195 | D:4      | Killed Natasha
  3364 | D:4      | Reached ** piety under Vehumet
  3364 | D:4      | Offered knowledge of Foxfire by Vehumet.
  3501 | D:4      | Found a blossoming altar of Fedhas.
  3533 | D:4      | Found a stormy altar of Qazlal.
  3709 | D:5      | Entered Level 5 of the Dungeon
  3709 | D:5      | Noticed Duvessa
  3709 | D:5      | Noticed Dowan
  3714 | D:5      | Killed Dowan
  3715 | D:5      | Reached skill level 6 in Spellcasting
  3715 | D:5      | Reached XP level 7. HP: 36/36 MP: 7/18
  3721 | D:5      | Killed Duvessa
  3991 | D:5      | Reached skill level 1 in Air Magic
  4123 | D:5      | Found a staircase to the Ecumenical Temple.
  4157 | D:5      | Upgraded the game from 0.27-a0-59-gfbafd837a3 to
                  | 0.27-a0-67-g4bfc8a49e1
  4271 | D:5      | Found a runed translucent gate.
  4271 | D:5      | Found a runed translucent gate.
  4271 | D:5      | Found a runed translucent gate.
  4271 | D:5      | Noticed handsome's ghost (weakling OpDe)
  4345 | D:5      | Reached skill level 7 in Spellcasting
  4515 | D:5      | Noticed Grinder
  4522 | D:5      | Paralysed by Grinder for 5 turns
  4522 | D:5      | Killed Grinder
  4523 | D:5      | Reached skill level 1 in Hexes
  4523 | D:5      | Reached XP level 8. HP: 41/41 MP: 9/21
  5280 | D:6      | Reached skill level 8 in Spellcasting
  5297 | D:6      | Offered knowledge of Static Discharge by Vehumet.
  5472 | D:6      | Found a hide-covered altar of Uskayaw.
  5602 | D:6      | Found an opulent altar of Gozag.
  6128 | D:6      | Upgraded the game from 0.27-a0-67-g4bfc8a49e1 to
                  | 0.27-a0-279-gdfb9265905
  6137 | D:6      | Reached *** piety under Vehumet
  6138 | D:6      | Reached skill level 9 in Spellcasting
  6141 | D:6      | Reached skill level 5 in Stealth
  6142 | D:6      | Reached XP level 9. HP: 38/45 MP: 4/24
  6421 | D:6      | Found a transporter.
  6423 | D:6      | Noticed Sonofthefire's ghost (weakling OpDe)
  6432 | D:6      | Found a transporter.
  6825 | D:7      | Reached skill level 5 in Evocations
  6994 | D:7      | Found Ascheclo's Armour Emporium.
  7106 | D:8      | Found a sacrificial altar of Ru.
  7137 | D:7      | Found Cydo's Armour Shop.
  7184 | D:7      | Offered knowledge of Frozen Ramparts by Vehumet.
  7305 | D:7      | Reached skill level 10 in Spellcasting
  7571 | D:7      | Found an ancient bone altar of Kikubaaqudgha.
  7865 | D:8      | Noticed a two-headed ogre
  7871 | D:8      | Killed a two-headed ogre
  7879 | D:8      | Reached **** piety under Vehumet
  7989 | D:8      | Reached skill level 10 in Conjurations
  8014 | D:8      | Reached XP level 10. HP: 50/50 MP: 1/26
  8453 | D:8      | Offered knowledge of Yara's Violent Unravelling by Vehumet.
  8460 | D:8      | Learned a level 5 spell: Yara's Violent Unravelling
  8513 | D:9      | Noticed Psyche
  8842 | D:9      | Noticed Grum
  8848 | D:9      | Killed Grum
  8988 | D:9      | Reached skill level 11 in Spellcasting
  9123 | D:9      | Reached skill level 5 in Hexes
  9621 | D:9      | Found a shadowy altar of Dithmenos.
  9645 | D:10     | Entered Level 10 of the Dungeon
  9677 | D:9      | Killed Psyche
  9701 | D:9      | Found a staircase to the Lair.
  9945 | D:9      | Reached ***** piety under Vehumet
  9945 | D:9      | Offered knowledge of Lee's Rapid Deconstruction by Vehumet.
  9950 | D:9      | Reached skill level 12 in Spellcasting
  9956 | D:9      | Learned a level 5 spell: Lee's Rapid Deconstruction
 10108 | D:10     | Reached skill level 1 in Earth Magic
 10128 | D:10     | Noticed a manticore
 10417 | D:10     | Noticed Josephine
 10838 | D:10     | Reached XP level 11. HP: 54/54 MP: 20/29
 11036 | D:9      | Upgraded the game from 0.27-a0-279-gdfb9265905 to
                  | 0.27-a0-287-gd4424db430
 11095 | D:10     | Killed Josephine
 11515 | D:10     | Got a twisted dagger
 11516 | D:10     | Identified the +11 dagger of Richuuss {venom, Int+9} (You
                  | found it on level 10 of the Dungeon)
 11603 | D:10     | Reached skill level 5 in Earth Magic
 11637 | D:10     | Reached skill level 13 in Spellcasting
 11884 | D:10     | Found a staircase to the Orcish Mines.
 11963 | D:10     | Noticed Snorg
 11970 | D:10     | Killed Snorg
 12331 | Lair:1   | Entered Level 1 of the Lair of Beasts
 12504 | Lair:1   | Noticed a four-headed hydra
 12718 | D:9      | Killed a four-headed hydra
 12719 | D:9      | Reached skill level 14 in Spellcasting
 13000 | Lair:1   | Noticed Gastronok
 13010 | Lair:1   | Killed Gastronok
 13011 | Lair:1   | Reached XP level 12. HP: 59/59 MP: 14/32
 13031 | Lair:1   | Learned a level 3 spell: Dazzling Flash
 13959 | D:5      | Killed handsome's ghost
 14161 | D:6      | Killed Sonofthefire's ghost
 14190 | D:6      | Gained mutation: You can translocate small distances at
                  | will. [potion of mutation]
 14190 | D:6      | Gained mutation: Your muscles are strong. (Str +2) [potion
                  | of mutation]
 14191 | D:6      | Lost mutation: You can translocate small distances at will.
                  | [potion of mutation]
 14191 | D:6      | Lost mutation: Your muscles are strong. (Str +2) [potion of
                  | mutation]
 14191 | D:6      | Gained mutation: Your flesh is heat resistant. (rF+)
                  | [potion of mutation]
 14191 | D:6      | Gained mutation: You have supernaturally acute eyesight.
                  | (SInv) [potion of mutation]
 14191 | D:6      | Gained mutation: You are strong-willed. (Will+) [potion of
                  | mutation]
 14371 | Lair:2   | Found a burning altar of Makhleb.
 14429 | Lair:2   | Reached skill level 15 in Spellcasting
 14429 | Lair:2   | Noticed a four-headed hydra
 14433 | Lair:2   | Killed a four-headed hydra
 14433 | Lair:2   | Noticed an eight-headed hydra
 14442 | Lair:2   | Killed an eight-headed hydra
 14738 | Lair:2   | Identified a scroll of acquirement
 14738 | Lair:2   | Acquired a book of Alchemy
 14747 | Lair:2   | Learned a level 6 spell: Eringya's Noxious Bog
 14806 | Lair:2   | Found a hole to the Spider Nest.
 14810 | Lair:2   | Noticed a six-headed hydra
 14818 | Lair:2   | Killed a six-headed hydra
 15028 | Lair:3   | Reached skill level 5 in Dodging
 15039 | Lair:3   | Reached skill level 5 in Poison Magic
 15365 | Lair:3   | Reached skill level 1 in Transmutations
 15478 | Lair:2   | Learned a level 6 spell: Simulacrum
 15904 | Lair:3   | Reached skill level 1 in Necromancy
 15904 | Lair:3   | Reached skill level 1 in Ice Magic
 16354 | Lair:3   | Noticed a six-headed hydra
 16360 | Lair:3   | Killed a six-headed hydra
 16384 | Lair:3   | Offered knowledge of Iron Shot by Vehumet.
 16392 | Lair:3   | Learned a level 6 spell: Iron Shot
 16485 | Lair:3   | Got a bloodstained robe
 16496 | Lair:3   | Identified the +1 robe "Ysityig" {rF- Int+4} (You found it
                  | on level 3 of the Lair of Beasts)
 16511 | Lair:3   | Noticed a death yak
 16515 | Lair:3   | Reached XP level 13. HP: 63/63 MP: 31/34
 17207 | Lair:4   | Reached skill level 5 in Necromancy
 17506 | Lair:4   | Found a shimmering altar of Xom.
 17961 | Lair:4   | Reached skill level 5 in Ice Magic
 18159 | Lair:4   | Reached skill level 16 in Spellcasting
 18176 | Lair:4   | Got a buzzing flail
 18188 | Lair:4   | Got an ancient great sword
 18195 | Lair:4   | Identified the +9 flail of War {flame, +Fly rPois Will++
                  | Dex-3} (You found it on level 4 of the Lair of Beasts)
 18196 | Lair:4   | Identified the +5 great sword of Hudween {venom, rN+} (You
                  | found it on level 4 of the Lair of Beasts)
 18373 | Lair:4   | Found a staircase to the Shoals.
 18887 | Lair:6   | Entered Level 6 of the Lair of Beasts
 18967 | Lair:5   | Found a staircase to the Slime Pits.
 19141 | Lair:5   | Upgraded the game from 0.27-a0-287-gd4424db430 to
                  | 0.27-a0-291-gd9602db6ee
 19930 | Lair:6   | Found a runed translucent gate.
 19931 | Lair:6   | Found a runed translucent gate.
 19932 | Lair:6   | Found a runed translucent gate.
 19932 | Lair:6   | Noticed MolotovDodgeball's ghost (journeyman TrBr)
 19932 | Lair:6   | Noticed lunkers's ghost (journeyman TeAE)
 19934 | Lair:6   | Noticed Ampipap's ghost (journeyman DsNe)
 19935 | Lair:6   | Noticed lunkers's ghost (journeyman KoEE)
 20386 | Lair:6   | Reached skill level 17 in Spellcasting
 20537 | Lair:6   | Killed Ampipap's ghost
 20543 | Lair:6   | Killed lunkers's ghost
 20543 | Lair:6   | Killed lunkers's ghost
 20544 | Lair:6   | Reached XP level 14. HP: 18/68 MP: 23/37
 20550 | Lair:6   | Killed MolotovDodgeball's ghost
 20830 | Lair:6   | Offered knowledge of Bolt of Magma by Vehumet.
 20977 | Lair:5   | Learned a level 7 spell: Ozocubu's Refrigeration
 21361 | Lair:6   | Got a fine halberd
 21374 | Lair:6   | Identified the Volume of Dusty Poison
 21647 | Lair:6   | Got a masterwork war axe
 21651 | Lair:6   | Identified the +11 war axe "Ziuruv" {drain, Dex+2} (You
                  | found it on level 6 of the Lair of Beasts)
 21652 | Lair:6   | Identified the cursed +3 halberd "Apyizil" {freeze, *Noise
                  | rElec Dex-5 SInv} (You found it on level 6 of the Lair of
                  | Beasts)
 22087 | Lair:6   | Found a burning altar of Makhleb.
 22253 | Lair:6   | Found a gateway to Hell.
 22262 | Lair:6   | Got sapphire-encrusted pearl dragon scales
 22277 | Lair:6   | Identified the cursed +0 pearl dragon scales of the Hairy
                  | Hot Ocelot {+Fly rElec rN+ Int+4} (You found it on level 6
                  | of the Lair of Beasts)
 22382 | Lair:6   | Reached skill level 10 in Ice Magic
 23030 | Orc:1    | Entered Level 1 of the Orcish Mines
 23555 | Orc:1    | Found a dark tunnel.
 23564 | Volcano  | Entered a volcano
 23666 | Volcano  | Offered knowledge of Lightning Bolt by Vehumet.
 23722 | Volcano  | Reached skill level 18 in Spellcasting
 24318 | Orc:1    | Acquired the amulet "Keohidej" {Faith +Inv rElec rC-
                  | Will+++}
 24421 | Orc:2    | Entered Level 2 of the Orcish Mines
 24484 | Orc:2    | Reached skill level 10 in Dodging
 24692 | Orc:1    | Found Gavi's Armour Shop.
 24785 | Orc:2    | Found Cianegos's Antique Armour Shop.
 24844 | Orc:2    | Found a roughly hewn altar of Beogh.
 25024 | Orc:2    | Reached XP level 15. HP: 72/72 MP: 16/39
 25024 | Orc:2    | Noticed Blork the orc
 25025 | Orc:2    | Killed Blork the orc
 25164 | Orc:2    | Found a staircase to the Elven Halls.
 25169 | Orc:2    | Noticed Saint Roka
 25175 | Orc:2    | Killed Saint Roka
 25534 | Orc:2    | Noticed Nergalle
 25536 | Orc:2    | Killed Nergalle
 25659 | Orc:2    | Found a roughly hewn altar of Beogh.
 25664 | Orc:2    | Found Imunorats's General Store.
 25695 | Orc:2    | Found Dyt Ihes's Antique Armour Boutique.
 25704 | Orc:2    | Bought a buckler for 103 gold pieces
 25712 | Orc:2    | Found Ylil's Book Boutique.
 25729 | Orc:2    | Found Gaugraxi's Antique Weapon Boutique.
 26181 | Orc:2    | Bought a Necronomicon for 1435 gold pieces
 26266 | D:11     | Offered knowledge of Iskenderun's Battlesphere by Vehumet.
 26273 | D:11     | Learned a level 5 spell: Iskenderun's Battlesphere
 26286 | D:11     | Reached skill level 1 in Shields
 26685 | D:11     | Noticed Harold
 26691 | D:11     | Killed Harold
 27251 | D:12     | You fall into a shaft and drop 2 floors!
 27253 | D:14     | Reached ****** piety under Vehumet
 27396 | D:13     | Reached skill level 5 in Shields
 27674 | D:12     | Found Bomim's Assorted Antiques.
 27677 | D:12     | Offered knowledge of Conjure Ball Lightning by Vehumet.
 28082 | D:12     | Noticed Erolcha
 28084 | D:12     | Killed Erolcha
 28357 | D:13     | Found a runed translucent door.
 28361 | D:13     | Identified the +4 spear of Joyful Slaughter {drain, *Rage
                  | Str+5}
 28363 | D:13     | Noticed Pela's ghost (journeyman MiBe)
 28968 | D:13     | Killed Pela's ghost
 29716 | D:14     | Found Usuinko's General Store.
 29732 | D:14     | Offered knowledge of Lehudib's Crystal Spear by Vehumet.
 31593 | D:14     | Reached skill level 10 in Necromancy
 31612 | D:14     | Found Potiont's Assorted Antiques.
 31810 | D:14     | Found Haop's Antique Armour Shoppe.
 31881 | D:14     | Reached XP level 16. HP: 76/76 MP: 28/40
 32137 | D:14     | Found a gate to the Vaults.
 32372 | D:15     | Entered Level 15 of the Dungeon
 32377 | D:15     | Reached skill level 19 in Spellcasting
 32858 | D:15     | Found a staircase to the Depths.
 32863 | D:15     | Offered knowledge of Chain Lightning by Vehumet.
 32863 | D:15     | Offered knowledge of Tornado by Vehumet.
 32863 | D:15     | Offered knowledge of Absolute Zero by Vehumet.
 34048 | Spider:1 | Entered Level 1 of the Spider Nest
 34341 | Spider:1 | Reached skill level 20 in Spellcasting
 34757 | Spider:1 | Reached skill level 5 in Transmutations
 35202 | Spider:2 | Reached skill level 21 in Spellcasting
 36155 | Spider:1 | Got a translucent scale mail
 36166 | Spider:1 | Identified the +3 scale mail of Failure {rElec rF- Will+++
                  | Str+4} (You found it on level 1 of the Spider Nest)
 36217 | Spider:2 | Noticed Louise
 36221 | Spider:2 | Killed Louise
 36223 | Spider:2 | Reached XP level 17. HP: 80/80 MP: 17/44
 36229 | Spider:2 | Reached skill level 22 in Spellcasting
 38128 | Spider:4 | Entered Level 4 of the Spider Nest
 39089 | Spider:4 | Reached skill level 23 in Spellcasting
 40386 | Spider:4 | Reached skill level 24 in Spellcasting
 40649 | Slime:1  | Entered Level 1 of the Pits of Slime
 40649 | Slime:1  | Noticed an acid blob
 40656 | Slime:1  | Killed an acid blob
 40917 | Slime:2  | Noticed an acid blob
 40919 | Slime:2  | Noticed an acid blob
 40921 | Slime:2  | Killed an acid blob
 40922 | Slime:2  | Killed an acid blob
 40922 | Slime:2  | HP: 4/80 [azure jelly (55)]
 40922 | Slime:2  | Slain by an azure jelly

Illustrated notes

Levels and vault maps discovered:
D:1:      wander_arrival_estate, layout_rooms, minmay_tromino_i4
D:2:      layout_rooms, lemuel_crystal_altar, gammafunk_temple_overflow_statue
D:3:      layout_basic
D:4:      layout_loops_ring, lemuel_coloured_pillars_altar, lemuel_doored_altar,
          nicolae_qazlal_eye_of_the_storm, tso_metal_star, uniq_natasha
D:5:      layout_gridville, minmay_temple_entry_statues_pillars,
          gammafunk_ghost_necromancy, grunt_decor_cap, minmay_between,
          uniq_duvessa, uniq_grinder
D:6:      layout_loops_ring, overflow_temple_1_default, gammafunk_ghost_arena,
          nicolae_gozag_cash_rules_everything_around_me
D:7:      layout_basic, kennysheep_vampire_church, serial_shops, shop,
          nicolae_shop_statue_plus
D:8:      layout_basic, nicolae_ru_awakened_eye
D:9:      layout_small_grid, minmay_lair_entry_grove,
          nicolae_dithmenos_through_a_glass_darkly, uniq_grum, uniq_psyche
D:10:     minmay_flawed_box, layout_basic,
          kennysheep_orc_monster_closet_entryway, uniq_josephine, uniq_snorg
D:11:     layout_gridville, uniq_harold
D:12:     layout_basic, serial_shops, nicolae_shop_behind_doors, uniq_erolcha
D:13:     layout_rooms, ebering_ghost_funeral_grove, grunt_ministairs_4,
          fungi_pond_lemuel, hangedman_corner_corridor
D:14:     layout_cave_pools, hangedman_vaults_entry_quadrant_bands, special_room
          [special_room_bee], kennysheep_pointless_box, serial_shops, shop,
          kennysheep_mini_moat, nicolae_shop_trees
D:15:     grunt_enter_depths_magical_seal, layout_basic, hex_medium, minmay_bent
Lair:1:   layout_chaotic_city, st_stairs_4, serial_bayou_shore_b,
          lemuel_fruit_fields, uniq_gastronok
Lair:2:   layout_chaotic_city, dummy_spider_entry, minivault_25,
          amcnicky_altar_gilded
Lair:3:   layout_chaotic_city, grunt_megastairs_1
Lair:4:   layout_cave_pods, elwin_shoals_entry_stream, basic_altar,
          minmay_lair_oklob_chamber
Lair:5:   layout_cave_pods, nicolae_slime_entry_slimehenge
Lair:6:   evil_forest, layout_regular_city, gammafunk_ghost_cemetery,
          minmay_stone_trees_small, worms_lemuel, infiniplex_staircase_pool_2
Spider:1: layout_spider_delve
Spider:2: layout_spider_delve, uniq_louise
Spider:3: layout_spider_delve, guppyfry_spider_mini_3
Spider:4: grunt_spider_rune_island, hangedman_spider_tarantella_strand
Slime:1:  layout_caves
Slime:2:  layout_caves, cheibrodos_slime_lost_civilization_6
Orc:1:    layout_caves, serial_shops, shop_statue,
          nicolae_volcano_entry_lava_flow
Orc:2:    grunt_orc_cross, layout_caves, serial_shops, shop_fountains,
          nicolae_orc_lost_temple

Skill      XL: |  1  2  3  4  5  6  7  8  9 10 11 12 13 14 15 16 17 |
---------------+----------------------------------------------------+-----
Conjurations   | 5 6 7 8 10 11 | 11.2
Stealth        | 3 4 5 8 |  8.4
Spellcasting   | 4 6 7 9 10 12 14 15 17 18 21 24 | 24.1
Evocations     | 2 3 4 6 7 |  7.2
Dodging        | 3 4 6 9 10 11 | 11.5
Air Magic      | 1 2 3 |  3.6
Hexes          | 1 2 4 6 |  6.4
Earth Magic    | 3 8 9 |  9.5
Poison Magic   | 6 |  6.1
Transmutations | 3 5 |  5.1
Necromancy     | 3 7 8 10 | 10.9
Ice Magic      | 3 6 10 11 | 11.4
Shields        | 5 |  5.8

Action                   |  1- 3 |  4- 6 |  7- 9 | 10-12 | 13-15 | 16-18 || total
-------------------------+-------+-------+-------+-------+-------+-------++-------
Melee: Halberd           |     2 |       |       |       |       |       ||     2
       Dagger            |       |     3 |    21 |     1 |    27 |       ||    52
       Staff             |       |       |       |     3 |       |    10 ||    13
 Cast: Magic Dart        |    56 |    95 |    66 |     4 |     5 |       ||   226
       Searing Ray       |       |    13 |    49 |    74 |    56 |     2 ||   194
       Shock             |       |    16 |    31 |    73 |    32 |     3 ||   155
       Fulminant Prism   |       |     1 |    47 |   144 |    74 |     6 ||   272
       Yara's Violent Un |       |       |       |     1 |       |       ||     1
       Lee's Rapid Decon |       |       |       |    22 |     1 |       ||    23
       Eringya's Noxious |       |       |       |     3 |     5 |       ||     8
       Dazzling Flash    |       |       |       |     2 |     3 |       ||     5
       Iron Shot         |       |       |       |       |   179 |   148 ||   327
       Simulacrum        |       |       |       |       |     2 |     1 ||     3
       Ozocubu's Refrige |       |       |       |       |   132 |   143 ||   275
       Iskenderun's Batt |       |       |       |       |     2 |       ||     2
 Abil: Evoke Flight      |       |       |       |       |     1 |     1 ||     2
Evoke: Wand              |       |       |       |     1 |     2 |     4 ||     7
       Phantom mirror    |       |       |       |       |     1 |       ||     1
       Tin of tremorston |       |       |       |       |     1 |       ||     1
  Use: Scroll            |       |     6 |       |    14 |    12 |     3 ||    35
       Potion            |       |     4 |       |     6 |     3 |       ||    13
 Stab: Sleeping          |       |     1 |       |       |       |       ||     1
Armor: Robe              |     1 |     5 |    15 |    30 |    40 |    24 ||   115
Dodge: Dodged            |     6 |    11 |    46 |    45 |    88 |    46 ||   242
Block: Buckler           |       |       |       |       |     9 |    28 ||    37

Table legend: (Time is in decaauts)
 A = Elapsed time spent in this place.
 B = Non-inter-level travel time spent in this place.
 C = Inter-level travel time spent in this place.
 D = Time resting spent in this place.
 E = Time spent auto-exploring this place.
 F = Levels seen in this place.
 G = Mean time per level.
                   A        B        C        D        E       F      G
               +--------+--------+--------+--------+--------+-----+--------+
         Total |  41133 |  37285 |   3848 |  15248 |   7620 |  30 | 1371.1 |
       Dungeon |  21027 |  18819 |   2208 |   7255 |   4800 |  15 | 1401.8 |
          Lair |  10651 |   9560 |   1091 |   3904 |   2102 |   6 | 1775.2 |
   Spider Nest |   6263 |   5763 |    500 |   2672 |    541 |   4 | 1565.8 |
    Slime Pits |    268 |    268 |      0 |    143 |      0 |   2 |  134.0 |
  Orcish Mines |   2233 |   2185 |     48 |    956 |    176 |   2 | 1116.5 |
       Volcano |    689 |    689 |      0 |    318 |      0 |   1 |  689.0 |
               +--------+--------+--------+--------+--------+-----+--------+

Top non-repeatable levels by time:
  Lair:5: 2619 daAuts
     D:9: 2273 daAuts
Spider:1: 2050 daAuts
    D:10: 1977 daAuts
     D:5: 1951 daAuts
Spider:3: 1900 daAuts
  Lair:2: 1884 daAuts
  Lair:6: 1761 daAuts
    D:12: 1727 daAuts
    D:13: 1560 daAuts
  Lair:1: 1519 daAuts
     D:8: 1519 daAuts
  Lair:4: 1514 daAuts
     D:6: 1423 daAuts
  Lair:3: 1351 daAuts
